 Dungeon Crawl Stone Soup version 0.19.4 (webtiles) character file.

79 JeffiDaFish the Stinger (level 4, -3/30 HPs)
             Began as a Demonspawn Venom Mage on Feb 4, 2017.
             Slain by an adder (5 damage)
             ... on level 3 of the Dungeon.
             The game lasted 00:08:22 (1885 turns).

JeffiDaFish the Stinger (Demonspawn Venom Mage)     Turns: 1885, Time: 00:08:23

Health: -3/30      AC:  3    Str:  6 (9)  XL:     4   Next: 17%
Magic:  1/7        EV: 11    Int: 13 (16) God:
Gold:   32         SH:  0    Dex: 12 (14) Spells: 2 memorised, 3 levels left

rFire  . . .     SeeInvis .     g - +0 halberd
rCold  . . .     Gourm    .     f - +0 leather armour
rNeg   . . .     Faith    .     (shield currently unavailable)
rPois  .         Spirit   .     (no helmet)
rElec  .         Reflect  .     (no cloak)
rCorr  +         Harm     .     (no gloves)
MR     .....                    (no boots)
Stlth  +.........               (no amulet)
                                j - ring of resist corrosion
                                e - ring of wizardry

@: very slightly contaminated, invisible
A: hooves 1, demonic guardian 1
a: no special abilities


You were on level 3 of the Dungeon.
You were not hungry.

You visited 1 branch of the dungeon, and saw 3 of its levels.

You collected 32 gold pieces.

Inventory:

Hand Weapons
 g - a +0 halberd (weapon)
Armour
 f - a +0 leather armour (worn)
Jewellery
 e - a ring of wizardry (left hand)
 j - a ring of resist corrosion (right hand)
Scrolls
 h - 3 scrolls of teleportation
 m - a scroll of blinking
 o - a scroll of amnesia {unknown}
Potions
 l - a potion of degeneration
Books
 b - a Young Poisoner's Handbook

   Spells                             Type                      Level
   a - Sting                          Conjuration/Poison           1
   b - Mephitic Cloud                 Conjuration/Poison/Air       3
   c - Olgreb's Toxic Radiance        Poison                       4
   d - Alistair's Intoxication        Transmutation/Poison         5
   e - Venom Bolt                     Conjuration/Poison           5
Comestibles
 a - 3 fruits
 c - 5 bread rations
 d - 3 chunks of flesh
 k - a meat ration
 n - a beef jerky


   Skills:
 + Level 0.2 Fighting
 + Level 0.8 Polearms
 + Level 1.9 Dodging
 + Level 2.0 Stealth
 * Level 2.3 Spellcasting
 * Level 1.1 Conjurations
 * Level 0.5 Air Magic
 * Level 4.8 Poison Magic


You had 3 spell levels left.
You knew the following spells:

 Your Spells              Type           Power        Failure   Level  Hunger
a - Sting                 Conj/Pois      #...         4%          1    #......
b - Mephitic Cloud        Conj/Pois/Air  #.......     26%         3    ###....


Dungeon Overview and Level Annotations

Branches:
Dungeon (3/15)

Altars:
Dithmenos
Xom

Annotations:
D:3 LORDOFBUTT's ghost, amateur SpEn


Innate Abilities, Weirdness & Mutations

You have large cloven feet.
A weak demonic guardian rushes to your aid.


Message History

The adder bites you.
* * * LOW HITPOINT WARNING * * *
Casting: Sting
Confirm with . or Enter, or press ? or * to list all spells.
Aiming: Sting
Press: ? - help, Shift-Dir - straight line, f/p - adder
Aim: an adder (moderately wounded)
The sting misses the adder.
The sting hits the kobold.
The kobold is poisoned.
The kobold is moderately wounded.
The adder bites you but does no damage.
You miss the adder. Your kick misses the adder.
The adder is moderately wounded.
The adder barely misses you. The kobold closely misses you.
The adder bites you.
* * * LOW HITPOINT WARNING * * *
You hit the adder.
The adder is almost dead.
You kill the kobold!
The adder barely misses you. The adder bites you.
You die...

#.......................#
####.........#.#........#
##.##.##..#.##.......# .
#.##.##..#.##......## ..
#..#.#...#.........##
#.##.........##.......#
......###.#.##.......#
#..##..............#
#..@S.....###..(....
#...[..)##...# ##...##.
#..##..####.#..#######..
# ..... #.# ..........
..###.####.######.....#
#. ##......##..K....... .
...........####>....
#...#....######.#...
...##..#........#.<.


You could see an adder.

Vanquished Creatures
  Terence (D:2)
  A gnoll (D:1)
  An adder (D:3)
  2 leopard geckos (D:2)
  2 ball pythons
  3 bats (D:1)
  4 giant cockroaches
  6 goblins
  2 hobgoblins (D:1)
  A kobold (D:3)
  A quokka (D:2)
  2 frilled lizards (D:1)
  4 rats
30 creatures vanquished.

Notes
Turn   | Place    | Note
-------+----------+-------------------------------------------
     0 | D:1      | JeffiDaFish the Demonspawn Venom Mage began the quest for the Orb.
     0 | D:1      | Reached XP level 1. HP: 13/13 MP: 3/3
   278 | D:1      | Found a shimmering altar of Xom.
   316 | D:1      | Gained mutation: A weak demonic guardian rushes to your aid. [demonic ancestry]
   316 | D:1      | Reached XP level 2. HP: 18/19 MP: 0/5
  1085 | D:2      | Noticed Terence
  1102 | D:2      | Gained mutation: You have large cloven feet. [demonic ancestry]
  1102 | D:2      | Reached XP level 3. HP: 21/24 MP: 4/6
  1134 | D:2      | Learned a level 3 spell: Mephitic Cloud
  1156 | D:2      | Killed Terence
  1156 | D:2      | Reached skill level 1 in Conjurations
  1607 | D:2      | Reached XP level 4. HP: 30/30 MP: 5/7
  1687 | D:3      | Noticed LORDOFBUTT's ghost (amateur SpEn)
  1703 | D:3      | Found a shadowy altar of Dithmenos.
  1885 | D:3      | Slain by an adder

Skill      XL: |  1  2  3  4 |
---------------+-------------+-----
Conjurations   | 1 |  1.1
Stealth        | 2 |  2.0
Fighting       | |  0.2
Polearms       | |  0.8
Dodging        | |  1.9
Spellcasting   | |  2.3
Air Magic      | |  0.5
Poison Magic   | |  4.8

Action                   |  1- 3 |  4- 6 || total
-------------------------+-------+-------++-------
Melee: Unarmed           |    18 |       ||    18
       Halberd           |    37 |    15 ||    52
       Kick              |     2 |     2 ||     4
 Cast: Sting             |    36 |     7 ||    43
       Mephitic Cloud    |     1 |     1 ||     2
  Use: Scroll            |     5 |     1 ||     6
       Potion            |     2 |     4 ||     6
 Stab: Sleeping          |     3 |       ||     3
       Confused          |     1 |       ||     1
  Eat: Chunk             |     3 |     1 ||     4
Armor: Robe              |     2 |       ||     2
       Leather armour    |     8 |     5 ||    13
Dodge: Dodged            |    37 |    13 ||    50
